MID
CEDAR RAPIDS KERNELS @ BOWLING GREEN HOT RODS
08/15/2045
 
TOP OF THE 1ST
Cedar Rapids Kernels batting - Pitching for Bowling Green Hot Rods : RHP Greg Spaulding
Pitching: RHP Greg Spaulding
Batting: SHB David Myles 0-0: Ball
1-0: Swinging Strike
1-1: Foul Ball, location: 2F
1-2: Strikes out swinging
Batting: RHB Manuel Juarez 0-0: Ball
1-0: Ball
2-0: Fly out, F8 (Flyball, 8RM, EV 75.0 MPH)
Batting: RHB Miguel Diaz 0-0: Foul Ball, location: 2F
0-1: Called Strike
0-2: Ball
1-2: Strikes out swinging, 2-3 out at first.
Top of the 1st over - 0 runs, 0 hits, 0 errors, 0 left on base; Cedar Rapids 0 - Bowling Green 0
BOTTOM OF THE 1ST
Bowling Green Hot Rods batting - Pitching for Cedar Rapids Kernels : RHP Matt Springer
Pitching: RHP Matt Springer
Batting: RHB Jonathan Fraire 0-0: Ball
1-0: Swinging Strike
1-1: Ground out 4-3 (Groundball, 4M, EV 85.6 MPH)
Batting: LHB Mark Marvin 0-0: Swinging Strike
0-1: Ball
1-1: Ball
2-1: Foul Ball, location: 2F
2-2: Fly out, F7 (Flyball, 7, EV 93.8 MPH)
Batting: SHB Lou Kroneman 0-0: Called Strike
0-1: Foul Ball, location: 2F
0-2: Ball
1-2: SOLO HOME RUN (Flyball, 8LXD, EV 107.5 MPH), Distance : 442 ft
Batting: RHB David Ward 0-0: Called Strike
0-1: Ball
1-1: Ball
2-1: Foul Ball, location: 2F
2-2: Foul Ball, location: 2F
2-2: Foul Ball, location: 2F
2-2: Foul Ball, location: 2F
2-2: Foul Ball, location: 2F
2-2: Ball
3-2: Foul Ball, location: 2F
3-2: Base on Balls
Batting: RHB Freddy Mullen 0-0: Ball
1-0: Ball
2-0: Foul Ball, location: 2F
2-1: Called Strike
2-2: Ball
3-2: Foul Ball, location: 2F
3-2: Base on Balls
David Ward to second
Batting: RHB Azedine Kirui 0-0: Called Strike
0-1: Ball
1-1: Foul Ball, location: 2F
1-2: Ground out 5-3 (Groundball, 56S, EV 85.6 MPH)
Bottom of the 1st over - 1 run, 1 hit, 0 errors, 2 left on base; Cedar Rapids 0 - Bowling Green 1
TOP OF THE 2ND
Cedar Rapids Kernels batting - Pitching for Bowling Green Hot Rods : RHP Greg Spaulding
Batting: SHB Shohei Fujii 0-0: Hit by Pitch
Pinch Runner at 1st Kevin Cooper:
Batting: RHB Justin Allison 0-0: Swinging Strike
0-1: Ball
1-1: Ball
2-1: Swinging Strike
2-2: Strikes out swinging
Batting: LHB Mike Handrahan 0-0: Called Strike
Kevin Cooper steals 2nd base
0-1: Ball
1-1: Foul Ball, location: 2F
1-2: Strikes out swinging
Batting: SHB Roberto Camarena 0-0: Ball
1-0: Ball
2-0: Ball
3-0: Called Strike
3-1: Base on Balls
Batting: LHB Kai Baker 0-0: Ball
1-0: SINGLE (Line Drive, 56, EV 100.0 MPH)
Kevin Cooper to third
Roberto Camarena to second
Runner from 3rd tries for Home, SAFE, throw by LF to home
Batting: RHB Jake Wirthlin 0-0: Ball
1-0: Ground out 4-3 (Groundball, 4, EV 80.0 MPH)
Top of the 2nd over - 1 run, 1 hit, 0 errors, 2 left on base; Cedar Rapids 1 - Bowling Green 1
BOTTOM OF THE 2ND
Bowling Green Hot Rods batting - Pitching for Cedar Rapids Kernels : RHP Matt Springer
Now in RF: Robby Bryant
Batting: LHB Dan Hunt 0-0: Called Strike
0-1: Ball
1-1: Ball
2-1: Ball
3-1: Swinging Strike
3-2: Strikes out swinging
Batting: LHB Jeremy Burton 0-0: Ball
1-0: Swinging Strike
1-1: Ball
2-1: Ground out 6-3 (Groundball, 6, EV 87.5 MPH)
Batting: RHB Chris Glavin 0-0: Called Strike
0-1: Foul Ball, location: 2F
0-2: Ground out U3 (Groundball, 23, EV 83.1 MPH)
Bottom of the 2nd over - 0 runs, 0 hits, 0 errors, 0 left on base; Cedar Rapids 1 - Bowling Green 1
TOP OF THE 3RD
Cedar Rapids Kernels batting - Pitching for Bowling Green Hot Rods : RHP Greg Spaulding
Batting: SHB David Myles 0-0: Ball
1-0: Ball
2-0: Called Strike
2-1: Foul Ball, location: 2F
2-2: Ground out 6-3 (Groundball, 6, EV 90.6 MPH)
Batting: RHB Manuel Juarez 0-0: Called Strike
0-1: Foul Ball, location: 2F
0-2: Hit by Pitch
Batting: RHB Miguel Diaz 0-0: Called Strike
Manuel Juarez steals 2nd base
0-1: Ball
Manuel Juarez steals 3rd base
1-1: Called Strike
1-2: Strikes out swinging
Batting: LHB Robby Bryant 0-0: Ball
1-0: Foul Ball, location: 2F
1-1: Swinging Strike
1-2: Foul Ball, location: 2F
1-2: Ball
2-2: Strikes out swinging
Top of the 3rd over - 0 runs, 0 hits, 0 errors, 1 left on base; Cedar Rapids 1 - Bowling Green 1
BOTTOM OF THE 3RD
Bowling Green Hot Rods batting - Pitching for Cedar Rapids Kernels : RHP Matt Springer
Batting: RHB Jonathan Fraire 0-0: Ground out 5-3 (Groundball, 56S, EV 86.9 MPH)
Batting: LHB Mark Marvin 0-0: Swinging Strike
0-1: Ball
1-1: Ball
2-1: Swinging Strike
2-2: Ball
3-2: Base on Balls
Batting: SHB Lou Kroneman 0-0: Ball
1-0: Grounds into double play, 4-6-3 (Groundball, 4, EV 81.2 MPH)
Bottom of the 3rd over - 0 runs, 0 hits, 0 errors, 0 left on base; Cedar Rapids 1 - Bowling Green 1
TOP OF THE 4TH
Cedar Rapids Kernels batting - Pitching for Bowling Green Hot Rods : RHP Greg Spaulding
Batting: RHB Justin Allison 0-0: Ball
1-0: Called Strike
1-1: Foul Ball, location: 2F
1-2: Ball
2-2: Ground out 5-3 (Groundball, 5L, EV 100.0 MPH)
Batting: LHB Mike Handrahan 0-0: Called Strike
0-1: Fly out, F5 (Flyball, 6D, EV 88.8 MPH)
Batting: SHB Roberto Camarena 0-0: Called Strike
0-1: Ball
1-1: Ball
2-1: SINGLE (Groundball, 56D, EV 97.5 MPH)
Batting: LHB Kai Baker 0-0: Ball
Roberto Camarena is caught stealing 2nd base 2-6
Top of the 4th over - 0 runs, 1 hit, 0 errors, 0 left on base; Cedar Rapids 1 - Bowling Green 1
BOTTOM OF THE 4TH
Bowling Green Hot Rods batting - Pitching for Cedar Rapids Kernels : RHP Matt Springer
Batting: RHB David Ward 0-0: Ball
1-0: Ground out 4-3 (Groundball, 4, EV 84.4 MPH)
Batting: RHB Freddy Mullen 0-0: Ground out 6-3 (Groundball, 56D, EV 104.4 MPH)
Batting: RHB Azedine Kirui 0-0: DOUBLE (Line Drive, 89D, EV 114.4 MPH)
Batting: LHB Dan Hunt 0-0: Called Strike
0-1: Swinging Strike
0-2: Ground out U3 (Groundball, 34, EV 81.9 MPH)
Bottom of the 4th over - 0 runs, 1 hit, 0 errors, 1 left on base; Cedar Rapids 1 - Bowling Green 1
TOP OF THE 5TH
Cedar Rapids Kernels batting - Pitching for Bowling Green Hot Rods : RHP Greg Spaulding
Batting: LHB Kai Baker 0-0: TRIPLE (Line Drive, 7D, EV 106.2 MPH)
Batting: RHB Jake Wirthlin 0-0: Called Strike
0-1: Ball
1-1: Swinging Strike
1-2: Strikes out looking
Batting: SHB David Myles 0-0: Ball
1-0: Ball
2-0: Ball
3-0: Called Strike
3-1: DOUBLE (Flyball, 7LD, EV 95.0 MPH)
Kai Baker scores
Batting: RHB Manuel Juarez 0-0: Called Strike
0-1: Called Strike
0-2: Strikes out swinging
Batting: RHB Miguel Diaz 0-0: Called Strike
0-1: Ball
1-1: Ground out 5-3 (Groundball, 56S, EV 71.2 MPH)
Top of the 5th over - 1 run, 2 hits, 0 errors, 1 left on base; Cedar Rapids 2 - Bowling Green 1
BOTTOM OF THE 5TH
Bowling Green Hot Rods batting - Pitching for Cedar Rapids Kernels : RHP Matt Springer
Batting: LHB Jeremy Burton 0-0: Ball
1-0: Called Strike
1-1: Swinging Strike
1-2: Ground out U3 (Groundball, 3, EV 80.0 MPH)
Batting: RHB Chris Glavin 0-0: Swinging Strike
0-1: Swinging Strike
0-2: Ball
1-2: Ball
2-2: Strikes out swinging
Batting: RHB Jonathan Fraire 0-0: Foul Ball, location: 2F
0-1: Swinging Strike
0-2: Ground out 4-3 (Groundball, 4, EV 103.8 MPH)
Bottom of the 5th over - 0 runs, 0 hits, 0 errors, 0 left on base; Cedar Rapids 2 - Bowling Green 1
TOP OF THE 6TH
Cedar Rapids Kernels batting - Pitching for Bowling Green Hot Rods : RHP Greg Spaulding
Batting: LHB Robby Bryant 0-0: Called Strike
0-1: Ball
1-1: Ball
2-1: Ball
3-1: Base on Balls
Batting: RHB Justin Allison 0-0: Ball
1-0: Ball
2-0: DOUBLE (Groundball, 5L, EV 100.6 MPH)
Robby Bryant to third
Batting: LHB Mike Handrahan 0-0: Ball
1-0: Swinging Strike
1-1: Ground out U3 (Groundball, 3, EV 84.4 MPH)
Batting: SHB Roberto Camarena 0-0: Ground out 6-3 (Groundball, 6, EV 104.4 MPH)
Robby Bryant scores
Batting: LHB Kai Baker 0-0: Ground out 4-3 (Groundball, 4, EV 82.5 MPH)
Top of the 6th over - 1 run, 1 hit, 0 errors, 1 left on base; Cedar Rapids 3 - Bowling Green 1
BOTTOM OF THE 6TH
Bowling Green Hot Rods batting - Pitching for Cedar Rapids Kernels : RHP Matt Springer
Batting: LHB Mark Marvin 0-0: Ball
1-0: Called Strike
1-1: Fly out, F9 (Line Drive, 9D, EV 91.9 MPH)
Batting: SHB Lou Kroneman 0-0: Called Strike
0-1: Ball
1-1: Ball
2-1: Foul Ball, location: 2F
2-2: Foul Ball, location: 2F
2-2: Ground out U3 (Groundball, 3, EV 79.4 MPH)
Batting: RHB David Ward 0-0: Ball
1-0: Called Strike
1-1: Ball
2-1: Ball
3-1: Called Strike
3-2: Foul Ball, location: 2F
3-2: Base on Balls
Batting: RHB Freddy Mullen 0-0: Ball
1-0: SINGLE (Groundball, 34D, EV 103.1 MPH)
David Ward to second
Runner from 2nd tries for 3rd, SAFE, throw by RF made to third
Batting: RHB Azedine Kirui 0-0: Ball
1-0: Foul Ball, location: 2F
1-1: Ground out 1-3 (Groundball, 13S, EV 70.0 MPH)
Bottom of the 6th over - 0 runs, 1 hit, 0 errors, 2 left on base; Cedar Rapids 3 - Bowling Green 1
TOP OF THE 7TH
Cedar Rapids Kernels batting - Pitching for Bowling Green Hot Rods : RHP Greg Spaulding
Batting: RHB Jake Wirthlin 0-0: Ball
1-0: Foul Ball, location: 2F
1-1: Foul Ball, location: 2F
1-2: Ball
2-2: Foul Ball, location: 2F
2-2: Ball
3-2: Ground out 4-3 (Groundball, 4, EV 83.8 MPH)
Batting: SHB David Myles 0-0: Ball
1-0: Called Strike
1-1: Swinging Strike
1-2: Ball
2-2: Ball
3-2: Fly out, F7 (Flyball, 7LM, EV 90.0 MPH)
Batting: RHB Manuel Juarez 0-0: Ball
1-0: Ball
2-0: Foul Ball, location: 2F
2-1: Called Strike
2-2: Ball
3-2: Strikes out swinging
Top of the 7th over - 0 runs, 0 hits, 0 errors, 0 left on base; Cedar Rapids 3 - Bowling Green 1
BOTTOM OF THE 7TH
Bowling Green Hot Rods batting - Pitching for Cedar Rapids Kernels : RHP Matt Springer
Pitching: RHP Orlando Guapo
Batting: LHB Dan Hunt 0-0: Ball
1-0: Foul Ball, location: 2F
1-1: Ground out U3 (Groundball, 34S, EV 83.8 MPH)
Batting: LHB Jeremy Burton 0-0: Called Strike
0-1: Swinging Strike
0-2: Ball
1-2: Ball
2-2: Foul Ball, location: 2F
2-2: Foul Ball, location: 2F
2-2: Strikes out swinging
Pinch Hitting: SHB Julio Hernandez 0-0: Ball
1-0: Ball
2-0: Called Strike
2-1: Ground out 4-3 (Groundball, 4MD, EV 107.5 MPH)
Bottom of the 7th over - 0 runs, 0 hits, 0 errors, 0 left on base; Cedar Rapids 3 - Bowling Green 1
TOP OF THE 8TH
Cedar Rapids Kernels batting - Pitching for Bowling Green Hot Rods : RHP Greg Spaulding
Pitching: LHP Brian Kelly
Now at SS: Mark Richert
Batting: RHB Miguel Diaz 0-0: Ball
1-0: Ground out 5-3 (Groundball, 56, EV 79.4 MPH)
Batting: LHB Robby Bryant 0-0: Ball
1-0: Called Strike
1-1: Swinging Strike
1-2: Strikes out swinging
Batting: RHB Justin Allison 0-0: Foul Ball, location: 2F
0-1: Swinging Strike
0-2: Ball
1-2: Foul Ball, location: 2F
1-2: Strikes out swinging
Top of the 8th over - 0 runs, 0 hits, 0 errors, 0 left on base; Cedar Rapids 3 - Bowling Green 1
BOTTOM OF THE 8TH
Bowling Green Hot Rods batting - Pitching for Cedar Rapids Kernels : RHP Orlando Guapo
Batting: RHB Jonathan Fraire 0-0: Ball
1-0: Foul Ball, location: 2F
1-1: Ball
2-1: DOUBLE (Line Drive, 89D, EV 111.9 MPH)
Batting: LHB Mark Marvin 0-0: Called Strike
0-1: Called Strike
0-2: Foul Ball, location: 2F
0-2: SINGLE (Groundball, 6MD, EV 100.6 MPH)
Jonathan Fraire to third
Batting: SHB Lou Kroneman 0-0: Called Strike
0-1: Called Strike
0-2: Foul Ball, location: 2F
0-2: Ball
1-2: Ball
2-2: Ball
3-2: SINGLE (Line Drive, 7S, EV 103.1 MPH)
Jonathan Fraire scores
Mark Marvin to second
Batting: RHB David Ward 0-0: Ball
1-0: Called Strike
1-1: Called Strike
1-2: Ball
2-2: Ball
3-2: Fly out, F7 (Flyball, 7S, EV 86.2 MPH)
Batting: RHB Freddy Mullen 0-0: Ball
1-0: Called Strike
1-1: Foul Ball, location: 2F
1-2: Foul Ball, location: 2F
1-2: Ball
2-2: Ball
3-2: Foul Ball, location: 2F
3-2: Strikes out swinging
Pitching: RHP Andy Symons
Batting: RHB Azedine Kirui 0-0: Foul Ball, location: 2F
0-1: Foul Ball, location: 2F
0-2: Ground out 1-3 (Groundball, 13, EV 72.5 MPH)
Bottom of the 8th over - 1 run, 3 hits, 0 errors, 2 left on base; Cedar Rapids 3 - Bowling Green 2
TOP OF THE 9TH
Cedar Rapids Kernels batting - Pitching for Bowling Green Hot Rods : LHP Brian Kelly
Pinch Hitting: RHB Ruben Martinez 0-0: Called Strike
0-1: Ball
1-1: Swinging Strike
1-2: Ball
2-2: Foul Ball, location: 2F
2-2: Strikes out looking
Batting: SHB Roberto Camarena 0-0: Ball
1-0: Foul Ball, location: 2F
1-1: Fly out, F7 (Flyball, 78S, EV 88.8 MPH)
Batting: LHB Kai Baker 0-0: Foul Ball, location: 2F
0-1: Ball
1-1: Foul Ball, location: 2F
1-2: Strikes out swinging
Top of the 9th over - 0 runs, 0 hits, 0 errors, 0 left on base; Cedar Rapids 3 - Bowling Green 2
BOTTOM OF THE 9TH
Bowling Green Hot Rods batting - Pitching for Cedar Rapids Kernels : RHP Andy Symons
Now at 3B: Orlando Blanco
Batting: LHB Dan Hunt 0-0: Called Strike
0-1: Ball
1-1: Called Strike
1-2: Ball
2-2: Ball
3-2: Base on Balls
Batting: LHB Jeremy Burton 0-0: Ball
1-0: Bunt - Flyout to 2R! F2
Pinch Hitting: SHB Wayne Hattan 0-0: Ball
1-0: SINGLE (Groundball, 6MD, EV 102.5 MPH)
Dan Hunt to second
Batting: RHB Jonathan Fraire 0-0: Ball
1-0: Ground out 3-1 (Groundball, 34, EV 86.2 MPH)
Dan Hunt to third
Wayne Hattan to second
Batting: LHB Mark Marvin 0-0: Intentional Walk
Batting: SHB Lou Kroneman 0-0: Swinging Strike
0-1: Ball
1-1: Fly out, F5 (Popup, 25F, EV 92.5 MPH)
Bottom of the 9th over - 0 runs, 1 hit, 0 errors, 3 left on base; Cedar Rapids 3 - Bowling Green 2
Wednesday, June 22nd , 2022 - OOTP Baseball 23.4 Build 64